TOP OF THE 1ST |
Chicago White Sox batting - Pitching for Detroit Tigers : LHP Bobby Jones
|
Pitching: LHP Bobby Jones
|
|
Batting: SHB Alfie Bungledorf
|
0-0: Called Strike 0-1: Foul Ball, location: 2F 0-2: Ground out 6-3 (Groundball, 6, EV 81.9 MPH)
|
Batting: RHB Dieter Knoops
|
0-0: Called Strike 0-1: TRIPLE (Flyball, 9LD, EV 95.0 MPH)
|
Batting: RHB Joseph Disepolo
|
0-0: Ball 1-0: Called Strike 1-1: Called Strike 1-2: Ball 2-2: Ground out 4-3 (Groundball, 4, EV 88.8 MPH) Dieter Knoops scores
|
Batting: RHB Leo Navarro
|
0-0: SINGLE (Groundball, 56S, EV 66.2 MPH) (infield hit)
|
Batting: RHB Steve Castleberry
|
0-0: SINGLE (Line Drive, 4D, EV 98.8 MPH) Leo Navarro to second
|
Batting: RHB Dietmar Warmisch
|
0-0: Ball 1-0: DOUBLE (Line Drive, 89D, EV 101.2 MPH) Leo Navarro scores Steve Castleberry to third
|
Batting: RHB Brad Boals
|
0-0: Ball 1-0: Ball 2-0: Called Strike 2-1: Called Strike 2-2: Strikes out swinging
|
Top of the 1st over - 2 runs, 4 hits, 0 errors, 2 left on base; Chicago 2 - Detroit 0 |
BOTTOM OF THE 1ST |
Detroit Tigers batting - Pitching for Chicago White Sox : RHP Xenophon Valvis
|
Pitching: RHP Xenophon Valvis
|
|
Batting: LHB Bill Ford
|
0-0: Called Strike 0-1: Foul Ball, location: 2F 0-2: Strikes out looking
|
Batting: RHB Victor Quinones
|
0-0: SINGLE (Groundball, 13, EV 83.1 MPH) (infield hit)
|
Batting: LHB Conrad Taylor
|
0-0: Ball 1-0: Ball 2-0: Called Strike 2-1: Ball 3-1: Called Strike 3-2: Ground out 6-3 (Groundball, 6M, EV 89.4 MPH) Victor Quinones to second
|
Batting: RHB Chris Wheatley
|
0-0: Ground out 6-3 (Groundball, 6, EV 80.6 MPH)
|
Bottom of the 1st over - 0 runs, 1 hit, 0 errors, 1 left on base; Chicago 2 - Detroit 0 |
TOP OF THE 2ND |
Chicago White Sox batting - Pitching for Detroit Tigers : LHP Bobby Jones
|
Batting: RHB Chris Cooper
|
0-0: Fly out, F7 (Flyball, 7LS, EV 90.0 MPH)
|
Batting: SHB Marvin McAleer
|
0-0: Called Strike 0-1: Swinging Strike 0-2: Fly out, F7 (Flyball, 7, EV 88.1 MPH)
|
Batting: SHB Alfie Bungledorf
|
0-0: Foul Ball, location: 2F 0-1: DOUBLE (Line Drive, 89D, EV 106.9 MPH)
|
Batting: RHB Dieter Knoops
|
0-0: Ball 1-0: Ball 2-0: Called Strike 2-1: Ball 3-1: Base on Balls
|
Batting: RHB Joseph Disepolo
|
0-0: Foul Ball, location: 2F 0-1: Foul Ball, location: 2F 0-2: Foul Ball, location: 2F 0-2: Ball 1-2: Ball 2-2: Ball 3-2: Fly out, F7 (Flyball, 7, EV 80.0 MPH)
|
Top of the 2nd over - 0 runs, 1 hit, 0 errors, 2 left on base; Chicago 2 - Detroit 0 |
BOTTOM OF THE 2ND |
Detroit Tigers batting - Pitching for Chicago White Sox : RHP Xenophon Valvis
|
Batting: SHB Adam Weber
|
0-0: Ball 1-0: Swinging Strike 1-1: Swinging Strike 1-2: Strikes out swinging
|
Batting: RHB Dan Friess
|
0-0: Called Strike 0-1: Swinging Strike 0-2: Foul Ball, location: 2F 0-2: Ball 1-2: Fly out, F8 (Flyball, 8RD, EV 90.6 MPH)
|
Batting: SHB Ross Holland
|
0-0: Foul Ball, location: 2F 0-1: Ball 1-1: Called Strike 1-2: Strikes out looking
|
Bottom of the 2nd over - 0 runs, 0 hits, 0 errors, 0 left on base; Chicago 2 - Detroit 0 |
TOP OF THE 3RD |
Chicago White Sox batting - Pitching for Detroit Tigers : LHP Bobby Jones
|
Batting: RHB Leo Navarro
|
0-0: Foul Ball, location: 2F 0-1: Ball 1-1: Foul Ball, location: 2F 1-2: Strikes out looking
|
Batting: RHB Steve Castleberry
|
0-0: Ball 1-0: Ball 2-0: Foul Ball, location: 2F 2-1: Foul Ball, location: 2F 2-2: Foul Ball, location: 2F 2-2: Fly out, F9 (Line Drive, 89M, EV 96.2 MPH)
|
Batting: RHB Dietmar Warmisch
|
0-0: Called Strike 0-1: Foul Ball, location: 2F 0-2: Foul Ball, location: 2F 0-2: Ball 1-2: Strikes out looking
|
Top of the 3rd over - 0 runs, 0 hits, 0 errors, 0 left on base; Chicago 2 - Detroit 0 |
BOTTOM OF THE 3RD |
Detroit Tigers batting - Pitching for Chicago White Sox : RHP Xenophon Valvis
|
Batting: RHB Andres Leon
|
0-0: Ball 1-0: Ball 2-0: Swinging Strike 2-1: Called Strike 2-2: Ground out 5-3 (Groundball, 56, EV 86.9 MPH)
|
Batting: RHB Dan Becvar
|
0-0: Ball 1-0: Foul Ball, location: 2F 1-1: Foul Ball, location: 2F 1-2: Strikes out swinging
|
Batting: LHB Bill Ford
|
0-0: Swinging Strike 0-1: Swinging Strike 0-2: Strikes out swinging
|
Bottom of the 3rd over - 0 runs, 0 hits, 0 errors, 0 left on base; Chicago 2 - Detroit 0 |
TOP OF THE 4TH |
Chicago White Sox batting - Pitching for Detroit Tigers : LHP Bobby Jones
|
Batting: RHB Brad Boals
|
0-0: SINGLE (Groundball, 56S, EV 67.5 MPH) (infield hit)
|
Batting: RHB Chris Cooper
|
0-0: Ball 1-0: Ball 2-0: Swinging Strike 2-1: Grounds into double play, 5-4-3 (Groundball, 56, EV 79.4 MPH)
|
Batting: SHB Marvin McAleer
|
0-0: Ball 1-0: Called Strike 1-1: SINGLE (Groundball, 6MD, EV 108.1 MPH)
|
Batting: SHB Alfie Bungledorf
|
0-0: Ball 1-0: Called Strike 1-1: Foul Ball, location: 2F 1-2: Fielders Choice at 2nd, 6-4 (Groundball, 56, EV 87.5 MPH)
|
Top of the 4th over - 0 runs, 2 hits, 0 errors, 1 left on base; Chicago 2 - Detroit 0 |
BOTTOM OF THE 4TH |
Detroit Tigers batting - Pitching for Chicago White Sox : RHP Xenophon Valvis
|
Batting: RHB Victor Quinones
|
0-0: Swinging Strike 0-1: Foul Ball, location: 2F 0-2: Foul Ball, location: 2F 0-2: Foul Ball, location: 2F 0-2: SINGLE (Groundball, 56D, EV 96.2 MPH)
|
Batting: LHB Conrad Taylor
|
0-0: Ball 1-0: Called Strike 1-1: Foul Ball, location: 2F 1-2: Foul Ball, location: 2F 1-2: Strikes out swinging
|
Batting: RHB Chris Wheatley
|
0-0: Called Strike 0-1: Foul Ball, location: 2F 0-2: Foul Ball, location: 2F 0-2: Ball 1-2: Strikes out swinging
|
Batting: SHB Adam Weber
|
0-0: Ball 1-0: Ball 2-0: Ground out 4-3 (Groundball, 4, EV 84.4 MPH)
|
Bottom of the 4th over - 0 runs, 1 hit, 0 errors, 1 left on base; Chicago 2 - Detroit 0 |
TOP OF THE 5TH |
Chicago White Sox batting - Pitching for Detroit Tigers : LHP Bobby Jones
|
Batting: RHB Dieter Knoops
|
0-0: Fly out, F8 (Flyball, 89D, EV 101.9 MPH)
|
Batting: RHB Joseph Disepolo
|
0-0: Ball 1-0: Fly out, F7 (Flyball, 78D, EV 101.9 MPH)
|
Batting: RHB Leo Navarro
|
0-0: Foul Ball, location: 2F 0-1: Ground out 6-3 (Groundball, 56, EV 103.1 MPH)
|
Top of the 5th over - 0 runs, 0 hits, 0 errors, 0 left on base; Chicago 2 - Detroit 0 |
BOTTOM OF THE 5TH |
Detroit Tigers batting - Pitching for Chicago White Sox : RHP Xenophon Valvis
|
Batting: RHB Dan Friess
|
0-0: Ball 1-0: Swinging Strike 1-1: Ball 2-1: Foul Ball, location: 2F 2-2: Ball 3-2: Strikes out swinging
|
Batting: SHB Ross Holland
|
0-0: Ball 1-0: Ball 2-0: Ground out 6-3 (Groundball, 6, EV 86.2 MPH)
|
Batting: RHB Andres Leon
|
0-0: Ground out 5-3 (Groundball, 56S, EV 84.4 MPH)
|
Bottom of the 5th over - 0 runs, 0 hits, 0 errors, 0 left on base; Chicago 2 - Detroit 0 |
TOP OF THE 6TH |
Chicago White Sox batting - Pitching for Detroit Tigers : LHP Bobby Jones
|
Batting: RHB Steve Castleberry
|
0-0: Called Strike 0-1: Called Strike 0-2: Ball 1-2: Ground out 6-3 (Groundball, 56, EV 84.4 MPH)
|
Batting: RHB Dietmar Warmisch
|
0-0: Foul Ball, location: 2F 0-1: Ground out 1-3 (Groundball, 34S, EV 75.0 MPH)
|
Batting: RHB Brad Boals
|
0-0: Ball 1-0: Ball 2-0: Foul Ball, location: 2F 2-1: Foul Ball, location: 2F 2-2: Strikes out swinging
|
Top of the 6th over - 0 runs, 0 hits, 0 errors, 0 left on base; Chicago 2 - Detroit 0 |
BOTTOM OF THE 6TH |
Detroit Tigers batting - Pitching for Chicago White Sox : RHP Xenophon Valvis
|
Batting: RHB Dan Becvar
|
0-0: Called Strike 0-1: Ball 1-1: TRIPLE (Line Drive, 9LD, EV 108.8 MPH)
|
Batting: LHB Bill Ford
|
0-0: Swinging Strike 0-1: Swinging Strike 0-2: Foul Ball, location: 2F 0-2: Ground out U3 (Groundball, 34, EV 103.8 MPH) Dan Becvar scores
|
Batting: RHB Victor Quinones
|
0-0: Ball 1-0: Foul Ball, location: 2F 1-1: Foul Ball, location: 2F 1-2: Strikes out swinging
|
Batting: LHB Conrad Taylor
|
0-0: Called Strike 0-1: Called Strike 0-2: Ball 1-2: SOLO HOME RUN (Flyball, 9D, EV 93.8 MPH), Distance : 367 ft
|
Batting: RHB Chris Wheatley
|
0-0: Called Strike 0-1: Ball 1-1: SINGLE (Groundball, 4MD, EV 97.5 MPH)
|
Batting: SHB Adam Weber
|
0-0: Ball 1-0: Called Strike 1-1: Foul Ball, location: 2F 1-2: 2-RUN HOME RUN (Flyball, 8LXD, EV 108.1 MPH), Distance : 438 ft
|
Batting: RHB Dan Friess
|
0-0: Swinging Strike 0-1: Ball 1-1: Ball 2-1: Swinging Strike 2-2: Ball 3-2: Strikes out swinging
|
Bottom of the 6th over - 4 runs, 4 hits, 0 errors, 0 left on base; Chicago 2 - Detroit 4 |
TOP OF THE 7TH |
Chicago White Sox batting - Pitching for Detroit Tigers : LHP Bobby Jones
|
Batting: RHB Chris Cooper
|
0-0: Ball 1-0: Ball 2-0: SINGLE (Line Drive, 34D, EV 99.4 MPH)
|
Batting: SHB Marvin McAleer
|
0-0: Ball 1-0: Called Strike 1-1: Swinging Strike 1-2: Ball 2-2: Strikes out swinging
|
Batting: SHB Alfie Bungledorf
|
0-0: Ball 1-0: SINGLE (Line Drive, 4MD, EV 96.2 MPH) Chris Cooper to second
|
Batting: RHB Dieter Knoops
|
0-0: Foul Ball, location: 2F 0-1: Foul Ball, location: 2F 0-2: Ball 1-2: Foul Ball, location: 2F 1-2: Ball 2-2: Strikes out swinging
|
Batting: RHB Joseph Disepolo
|
0-0: Ball 1-0: Ball 2-0: Ball 3-0: Called Strike 3-1: Base on Balls Chris Cooper to third Alfie Bungledorf to second
|
Pitching: RHP Caleb Franklin
|
|
Batting: RHB Leo Navarro
|
0-0: Fly out, F9 (Flyball, 9LM, EV 85.6 MPH)
|
Top of the 7th over - 0 runs, 2 hits, 0 errors, 3 left on base; Chicago 2 - Detroit 4 |
BOTTOM OF THE 7TH |
Detroit Tigers batting - Pitching for Chicago White Sox : RHP Xenophon Valvis
|
Batting: SHB Ross Holland
|
0-0: SINGLE (Flyball, 56D, EV 91.2 MPH)
|
Batting: RHB Andres Leon
|
0-0: Called Strike Ross Holland steals 2nd base (no throw) 0-1: SINGLE (Line Drive, 9S, EV 108.8 MPH) Ross Holland to third
|
Batting: RHB Dan Becvar
|
0-0: Ball 1-0: Foul Ball, location: 2F 1-1: Ball 2-1: Ball 3-1: Grounds into double play, 6-4-3 (Groundball, 6, EV 99.4 MPH) Ross Holland scores
|
Pitching: RHP Ryan Columbo
|
|
Batting: LHB Bill Ford
|
0-0: Foul Ball, location: 2F 0-1: Ball 1-1: Swinging Strike 1-2: Strikes out swinging
|
Bottom of the 7th over - 1 run, 2 hits, 0 errors, 0 left on base; Chicago 2 - Detroit 5 |
TOP OF THE 8TH |
Chicago White Sox batting - Pitching for Detroit Tigers : RHP Caleb Franklin
|
Batting: RHB Steve Castleberry
|
0-0: Foul Ball, location: 2F 0-1: Ball 1-1: Called Strike 1-2: Ball 2-2: Ball 3-2: Ground out 5-3 (Groundball, 56S, EV 85.6 MPH)
|
Batting: RHB Dietmar Warmisch
|
0-0: Ball 1-0: Fly out, F9 (Line Drive, 89M, EV 93.8 MPH)
|
Batting: RHB Brad Boals
|
0-0: Called Strike 0-1: Ball 1-1: Called Strike 1-2: Foul Ball, location: 2F 1-2: SINGLE (Line Drive, 89S, EV 93.1 MPH)
|
Batting: RHB Chris Cooper
|
0-0: Ball 1-0: Foul Ball, location: 2F 1-1: Foul Ball, location: 2F 1-2: Foul Ball, location: 2F 1-2: Ball 2-2: Reached on error, E5 (Groundball, 56, EV 93.1 MPH) Brad Boals to second
|
Batting: SHB Marvin McAleer
|
0-0: Swinging Strike 0-1: Ball 1-1: Ball 2-1: Called Strike 2-2: Strikes out swinging
|
Top of the 8th over - 0 runs, 1 hit, 1 error, 2 left on base; Chicago 2 - Detroit 5 |
BOTTOM OF THE 8TH |
Detroit Tigers batting - Pitching for Chicago White Sox : RHP Ryan Columbo
|
Batting: RHB Victor Quinones
|
0-0: Called Strike 0-1: Ground out 6-3 (Groundball, 6, EV 84.4 MPH)
|
Batting: LHB Conrad Taylor
|
0-0: Ball 1-0: Called Strike 1-1: Fly out, F8 (Flyball, 89D, EV 105.0 MPH)
|
Batting: RHB Chris Wheatley
|
0-0: Called Strike 0-1: Foul Ball, location: 2F 0-2: Strikes out swinging
|
Bottom of the 8th over - 0 runs, 0 hits, 0 errors, 0 left on base; Chicago 2 - Detroit 5 |
TOP OF THE 9TH |
Chicago White Sox batting - Pitching for Detroit Tigers : RHP Caleb Franklin
|
Pitching: RHP Bobby Wright
|
|
Batting: SHB Alfie Bungledorf
|
0-0: Ball 1-0: Called Strike 1-1: Ball 2-1: Ball 3-1: Base on Balls
|
Batting: RHB Dieter Knoops
|
0-0: Ball 1-0: Fly out, F8 (Line Drive, 8RM, EV 89.4 MPH)
|
Batting: RHB Joseph Disepolo
|
0-0: Called Strike 0-1: SINGLE (Flyball, 34D, EV 84.4 MPH) Alfie Bungledorf to second
|
Pinch Hitting: LHB Randy Rosenberry
|
0-0: Ball 1-0: Ball 2-0: Foul Ball, location: 2F 2-1: Foul Ball, location: 2F 2-2: Ball 3-2: Base on Balls Alfie Bungledorf to third Joseph Disepolo to second
|
Pinch Hitting: LHB Sidney Pedder
|
0-0: Swinging Strike 0-1: Called Strike 0-2: Ball 1-2: Ball 2-2: Foul Ball, location: 2F 2-2: Strikes out looking
|
Batting: RHB Dietmar Warmisch
|
0-0: SINGLE (Flyball, 34D, EV 86.2 MPH) Alfie Bungledorf scores Joseph Disepolo to third Randy Rosenberry to second
|
Batting: RHB Brad Boals
|
0-0: Called Strike 0-1: Foul Ball, location: 2F 0-2: Foul Ball, location: 2F 0-2: Ball 1-2: Foul Ball, location: 2F 1-2: Ball 2-2: Strikes out looking
|
Top of the 9th over - 1 run, 2 hits, 0 errors, 3 left on base; Chicago 3 - Detroit 5 |
|